 Dungeon Crawl Stone Soup version 0.28.0-43-g3370ac3207 (webtiles) character file.

Game seed: 16918157552438675934

48 Ablot the Grasshopper (level 3, -4/31 HPs)
             Began as a Gnoll Warper on Mar 21, 2022.
             Slain by a gnoll
             ... wielding a +2 flail of protection
              (7 damage)
             ... on level 1 of the Dungeon.
             The game lasted 00:01:01 (1234 turns).

Ablot the Grasshopper (Gnoll Warper)                Turns: 1234, Time: 00:01:02

Health: -4/31      AC:  3    Str: 12    XL:     3   Next: 72%
Magic:  7/9        EV: 12    Int: 12    God:
Gold:   14         SH:  0    Dex: 11    Spells: 10/12 levels left

rFire   . . .      SeeInvis .   a - +0 spear
rCold   . . .      Faith    .   (no shield)
rNeg    . . .      Spirit   .   b - +0 leather armour
rPois   .          Reflect  .   (no helmet)
rElec   .          Harm     .   (no cloak)
rCorr   .          Rampage  .   (no gloves)
Will    .....                   (no boots)
Stlth   +.........              (no amulet)
HPRegen 0.10/turn               (no ring)
MPRegen 0.11/turn               (no ring)

@: no status effects
A: fangs 1, strong nose, distributed training
a: no special abilities


You were on level 1 of the Dungeon.
You visited 1 branch of the dungeon, and saw 2 of its levels.

You collected 14 gold pieces.

Inventory:

Hand Weapons
 a - a +0 spear (weapon)
Missiles
 d - 5 boomerangs of dispersal (quivered)
 e - 6 stones
 g - 34 bolts
 h - 22 sling bullets
Armour
 b - a +0 leather armour (worn)
Scrolls
 c - a scroll of blinking
 i - 2 scrolls of identify {unknown}
Potions
 f - a potion of might {unknown}


   Skills:
 + Level 4.5 Fighting
 + Level 0.9 Short Blades
 + Level 0.9 Long Blades
 + Level 0.9 Axes
 + Level 0.9 Maces & Flails
 + Level 4.5 Polearms
 + Level 0.9 Staves
 + Level 0.9 Slings
 + Level 0.9 Bows
 + Level 0.9 Crossbows
 + Level 2.6 Throwing
 + Level 2.6 Armour
 + Level 4.5 Dodging
 + Level 0.9 Stealth
 + Level 0.9 Shields
 + Level 0.9 Unarmed Combat
 + Level 5.0 Spellcasting
 + Level 0.6 Conjurations
 + Level 0.6 Hexes
 + Level 0.6 Summonings
 + Level 0.6 Necromancy
 + Level 5.4 Translocations
 + Level 0.6 Transmutations
 + Level 0.6 Fire Magic
 + Level 0.6 Ice Magic
 + Level 0.6 Air Magic
 + Level 0.6 Earth Magic
 + Level 0.6 Poison Magic
 + Level 1.0 Invocations
 + Level 0.9 Evocations


You had 10 spell levels left.
You knew the following spells:

 Your Spells              Type           Power      Damage    Failure   Level
a - Blink                 Tloc           32%        N/A       4%          2

Your spell library contained the following spells:

 Spells                   Type           Power      Damage    Failure   Level
 Gell's Gravitas          Tloc           16%        N/A       9%          3
 Lesser Beckoning         Tloc           16%        N/A       9%          3
 Teleport Other           Tloc           16%        N/A       9%          3
 Manifold Assault         Tloc           16%        N/A       58%         5


Dungeon Overview and Level Annotations

Branches:
Dungeon (2/15)

Altars:
Gozag


Innate Abilities, Weirdness & Mutations

You have very sharp teeth.
Your uncanny sense of smell can sniff out nearby items.
Your experience applies equally to all skills.


Message History

You climb upwards.
There is a stone staircase leading down here.
You hit the gnoll.
The gnoll is lightly wounded.
The gnoll hits you with a +2 flail of protection!
You hit the gnoll but do no damage.
The gnoll is lightly wounded.
The gnoll closely misses you.
You barely miss the gnoll.
The gnoll is lightly wounded.
The gnoll hits you with a +2 flail of protection.
You hit the gnoll but do no damage.
The gnoll is lightly wounded.
The gnoll misses you.
You hit the gnoll but do no damage. Your bite misses the gnoll.
The gnoll is lightly wounded.
You hit the gnoll.
The gnoll is heavily wounded.
The gnoll hits you with a +2 flail of protection!
* * * LOW HITPOINT WARNING * * *
Casting: Blink (safe; 4% risk of failure)
Confirm with . or Enter, or press ? or * to list all spells.
You blink.
You are too injured to fight recklessly!
Reach: a) +0 spear
Press: ? - help, Dir - move target, f - gnoll
Aim: a gnoll, wielding a +2 flail of protection (heavily wounded, about 34% to evade your +0 spear)
You reach to attack!
You hit the gnoll but do no damage.
The gnoll is heavily wounded.
You hit the gnoll.
The gnoll is heavily wounded.
The gnoll misses you.
You closely miss the gnoll.
The gnoll is heavily wounded.
The gnoll closely misses you.
You hit the gnoll but do no damage.
The gnoll is heavily wounded.
You feel stable enough to blink again.
The gnoll hits you with a +2 flail of protection!
You die...

)####..#########.......##########
.# #.## ######............ .#
##.# ####.###........ )# #..#
#....# ###..#### .###.## ##.####
##..## ## .....# ##..# #..## ##.
#..### #..## ##.## #.. #..#
####.## ##..# ##.. #### #..g@#
#..#####... #.>### #.#........
##..# #...#####.. ##.# ####..##
#.. ###.####.....# #). ##
####........#..## ### .#
#....###.##...## .# #.####
#.##.### .#########.# #....#


You could see a gnoll.

Vanquished Creatures
  A gnoll (D:2)
  2 dart slugs (D:1)
  5 endoplasms (D:1)
  6 goblins (D:1)
  3 hobgoblins (D:1)
  2 jackals (D:1)
  3 quokkas (D:1)
  2 ball pythons (D:1)
  3 bats (D:1)
  A frilled lizard (D:1)
  4 kobolds (D:1)
  A rat (D:2)
33 creatures vanquished.

Notes
Turn   | Place    | Note
-------+----------+-------------------------------------------
     0 | D:1      | Ablot the Gnoll Warper began the quest for the Orb.
     0 | D:1      | Reached XP level 1. HP: 20/20 MP: 6/6
   162 | D:1      | Reached XP level 2. HP: 26/26 MP: 7/7
   180 | D:1      | Learned a level 2 spell: Blink
   432 | D:1      | Found a faded altar of an unknown god.
   612 | D:1      | Reached XP level 3. HP: 31/31 MP: 9/9
   668 | D:1      | Reached skill level 5 in Spellcasting
   942 | D:1      | Reached skill level 1 in Invocations
  1204 | D:2      | Found an opulent altar of Gozag.
  1234 | D:1      | Slain by a gnoll

Illustrated notes

Levels and vault maps discovered:
D:1:      dpeg_arrival_shrine, layout_rooms, hellmonk_ecumenical_altar_zigzags
D:2:      minmay_roachtagon, layout_loops_ring, basic_altar

Skill      XL: |  1  2  3 |
---------------+----------+-----
Spellcasting   | 5 |  5.0
Invocations    | 1 |  1.0
Fighting       | |  4.5
Short Blades   | |  0.9
Long Blades    | |  0.9
Axes           | |  0.9
Maces & Flails | |  0.9
Polearms       | |  4.5
Staves         | |  0.9
Slings         | |  0.9
Bows           | |  0.9
Crossbows      | |  0.9
Throwing       | |  2.6
Armour         | |  2.6
Dodging        | |  4.5
Stealth        | |  0.9
Shields        | |  0.9
Unarmed Combat | |  0.9
Conjurations   | |  0.6
Hexes          | |  0.6
Summonings     | |  0.6
Necromancy     | |  0.6
Translocations | |  5.4
Transmutations | |  0.6
Fire Magic     | |  0.6
Ice Magic      | |  0.6
Air Magic      | |  0.6
Earth Magic    | |  0.6
Poison Magic   | |  0.6
Evocations     | |  0.9

Action                   || total
-------------------------++-------
Melee: Spear             ||   136
       Bite              ||    14
       Punch             ||     2
 Cast: Blink             ||     1
Armor: Leather armour    ||    15
Dodge: Dodged            ||    54
